 Dungeon Crawl Stone Soup version 0.31-a0-632-g766dd24fdf (webtiles) character file.

Game seed: 3214609866374429620

1464436 freelancePsychic the Cloud Mage (level 24, 228/228 HPs)
             Began as a Black Draconian Necromancer on Aug 22, 2023.
             Was an Initiate of Gozag.
             Escaped with the Orb
             ... and 3 runes on Aug 25, 2023!
             The game lasted 02:08:51 (85257 turns).

freelancePsychic the Cloud Mage (DrNe)             Turns: 85257, Time: 02:08:52

Health: 228/228    AC: 22    Str: 17    XL:     24   Next: 85%
Magic:  51/51      EV: 24    Int: 30    God:    Gozag
Gold:   1925       SH: 18    Dex: 15    Spells: 22/53 levels left

rFire   + + +        M - +3 Elemental Staff {ele, rElec rF+ rC+ AC+3}
rCold   + + .        i - +5 kite shield {rF+}
rNeg    . . .        (body armour unavailable)
rPois   .            y - +2 hat
rElec   +            f - scarf {rC+ rF+}
rCorr   .            F - +2 pair of gloves {rF+}
SInv    .            A - +1 pair of boots
Will    +....        q - amulet of magic regeneration
Stlth   +            J - ring "Ragoiqag" {MP+9 Int+3 Stlth+}
HPRegen 0.58/turn    t - ring of Joy {EV+5 Str+6 Dex+3}
MPRegen 0.72/turn

%: no passive effects
@: flying, studying Axes
A: breathe lightning, AC +12, unfitting armour, big wings, electricity
resistance, cold-blooded, screaming 1, inability to drink after injury 1
0: Orb of Zot
}: 3/15 runes: decaying, serpentine, slimy
a: Breathe Lightning, Renounce Religion, Potion Petition, Call Merchant, Bribe
Branch


You escaped.
You worshipped Gozag.
Gozag was most pleased with you.
You visited 11 branches of the dungeon, and saw 52 of its levels.

You collected 25069 gold pieces.
You spent 5642 gold pieces at shops.
You paid 17502 gold pieces to Gozag.

Inventory:

Hand Weapons
 M - the +3 Elemental Staff (weapon) {ele, rElec rF+ rC+ AC+3}
   (You bought it in a shop on level 2 of the Orcish Mines)

   AC+3:      It affects your AC (+3).
   rF+:       It protects you from fire.
   rC+:       It protects you from cold.
   rElec:     It insulates you from electricity.
 R - a +3 halberd
Armour
 f - a scarf of resistance (worn)
 i - a +5 kite shield of fire resistance (worn)
 y - a +2 hat (worn)
 A - a +1 pair of boots (worn)
 F - a +2 pair of gloves of fire resistance (worn)
Jewellery
 l - a ring of protection from fire
 n - a ring of poison resistance
 q - an amulet of magic regeneration (around neck)
 t - the ring of Joy (right hand) {EV+5 Str+6 Dex+3}
   (You found it on level 5 of the Pits of Slime)

   [ring of evasion]

   EV+5:      It affects your evasion (+5).
   Str+6:     It affects your strength (+6).
   Dex+3:     It affects your dexterity (+3).
 w - a ring of protection from cold
 H - a ring of magical power
 J - the ring "Ragoiqag" (left hand) {MP+9 Int+3 Stlth+}
   (You bought it in a shop on level 15 of the Dungeon)

   [ring of magical power]

   Int+3:     It affects your intelligence (+3).
   MP+9:      It affects your magic capacity (+9).
   Stlth+:    It makes you more stealthy.
 N - a +6 ring of intelligence
 O - a ring of willpower
Wands
 s - a wand of light (29)
 v - a wand of iceblast (60)
 D - a wand of mindburst (58)
 E - a wand of flame (148)
 T - a wand of polymorph (23)
 V - a wand of charming (43)
 Z - a wand of digging (11)
Scrolls
 b - 19 scrolls of teleportation {@r4}
 d - 11 scrolls of noise
 g - 3 scrolls of fear
 k - 11 scrolls of enchant weapon
 o - 7 scrolls of amnesia
 p - 3 scrolls of poison
 u - 2 scrolls of revelation
 z - 6 scrolls of fog
 I - 2 scrolls of blinking
 K - 3 scrolls of silence
 P - 7 scrolls of vulnerability
 S - 15 scrolls of identify {@r1}
 X - 3 scrolls of immolation
Potions
 a - 3 potions of magic
 c - a potion of resistance
 e - 10 potions of might
 h - 2 potions of heal wounds {@q2}
 j - 8 potions of curing {@q1}
 m - 6 potions of lignification
 r - 11 potions of brilliance
 x - 6 potions of enlightenment
 B - 2 potions of berserk rage
 C - 6 potions of mutation
 G - 7 potions of attraction
 L - 3 potions of invisibility
 Q - 4 potions of haste {@q3}
 U - a potion of ambrosia
 Y - 4 potions of degeneration


   Skills:
 - Level 21.1 Fighting
 - Level 6.0 Staves
 - Level 15.3 Dodging
 - Level 1.7 Stealth
 - Level 15.0 Shields
 - Level 15.3 Spellcasting
 - Level 6.3 Necromancy
 - Level 4.4 Transmutations
 - Level 22.0 Fire Magic
 + Level 24.5 Air Magic
 - Level 7.2 Poison Magic
 - Level 6.0 Evocations


You had 22 spell levels left.
You knew the following spells:

 Your Spells              Type           Power      Damage    Failure   Level
a - Sublimation of Blood  Necr           57%        N/A       1%          2
b - Maxwell's Capacitive  Air            65%        ∞         1%          8
c - Ignite Poison         Fire/Tmut/Pois 94%        N/A       1%          3
d - Olgreb's Toxic Radia  Pois           61%        N/A       1%          4
e - Ignition              Fire           62%        3d17      2%          8
i - Plasma Beam           Fire/Air       76%        2x1d93    1%          6

Your spell library contained the following spells:

 Spells                   Type           Power      Damage    Failure   Level
 Poisonous Vapours        Pois/Air       100%       N/A       0%          2
 Scorch                   Fire           100%       2d9       0%          2
 Necrotise                Necr           100%       1d9       1%          1
 Sting                    Tmut/Pois      100%       1d8       1%          1
 Wereblood                Tmut           49%        N/A       1%          2
 Inner Flame              Hex/Fire       93%        N/A       1%          3
 Mephitic Cloud           Conj/Pois/Air  92%        N/A       1%          3
 Vampiric Draining        Necr           57%        2d10      1%          3
 Volatile Blastmotes      Fire/Tloc      100%       2d18      1%          3
 Flame Wave               Conj/Fire      93%        2d20      1%          4
 Sticky Flame             Conj/Fire      93%        2d10      1%          4
 Summon Lightning Spire   Summ/Air       98%        N/A       1%          4
 Fireball                 Conj/Fire      46%        3d18      1%          5
 Silence                  Hex/Air        49%        N/A       1%          5
 Apportation              Tloc           46%        N/A       3%          1
 Freeze                   Ice            100%       1d10      3%          1
 Magic Dart               Conj           92%        1d7       3%          1
 Slow                     Hex            92%        N/A       3%          1
 Summon Small Mammal      Summ           92%        N/A       3%          1
 Call Imp                 Summ           46%        N/A       4%          2
 Lesser Beckoning         Tloc           46%        N/A       4%          2
 Momentum Strike          Conj/Tloc      46%        3d9       4%          2
 Searing Ray              Conj           46%        2d6       4%          2
 Starburst                Conj/Fire      46%        6d13      5%          6
 Agony                    Necr           57%        N/A       7%          5
 Confusing Touch          Hex            23%        N/A       10%         3
 Dazzling Flash           Conj/Hex       46%        N/A       10%         3
 Frozen Ramparts          Ice            68%        1d11      10%         3
 Gell's Gravitas          Tloc           23%        N/A       10%         3
 Hailstorm                Conj/Ice       34%        3d9       10%         3
 Ozocubu's Armour         Ice            34%        N/A       10%         3
 Portal Projectile        Hex/Tloc       46%        N/A       10%         3
 Summon Guardian Golem    Hex/Summ       23%        N/A       10%         3
 Teleport Other           Tloc           23%        N/A       10%         3
 Tukima's Dance           Hex            23%        N/A       10%         3
 Petrify                  Tmut/Erth      53%        N/A       14%         4
 Cause Fear               Hex            11%        N/A       32%         4
 Fulminant Prism          Conj/Hex       11%        3d8       32%         4
 Iskenderun's Mystic Bla  Conj/Tloc      23%        2d6       32%         4
 Leda's Liquefaction      Hex/Erth       17%        N/A       32%         4
 Manifold Assault         Tloc           23%        N/A       32%         4
 Irradiate                Conj/Tmut      18%        3d17      36%         5
 Lee's Rapid Deconstruct  Erth           17%        3d10*     67%         5
 Metabolic Englaciation   Hex/Ice        17%        N/A       67%         5
 Summon Forest            Summ/Tloc      11%        N/A       67%         5
 Summon Mana Viper        Hex/Summ       23%        N/A       67%         5
 Dispersal                Tloc           11%        N/A       99%         6
 Leda's Unmaking          Conj/Erth      17%        9d3       99%         6
 Summon Cactus Giant      Summ           11%        N/A       99%         6
 Malign Gateway           Summ/Tloc      11%        N/A       100%        7
 Ozocubu's Refrigeration  Ice            17%        4d11      100%        7
 Summon Hydra             Summ           11%        N/A       100%        7
 Disjunction              Tloc           11%        N/A       100%        8
 Summon Horrible Things   Summ           11%        N/A       100%        8
 Dragon's Call            Summ           11%        N/A       100%        9
 Polar Vortex             Ice            17%        12d2*     100%        9
 Animate Dead             Necr           Unusable   N/A       N/A         4
 Simulacrum               Ice/Necr       Unusable   N/A       N/A         6

Dungeon Overview and Level Annotations

Branches:
Dungeon (15/15)            Temple (1/1) D:4            Lair (5/5) D:8
  Swamp (4/4) Lair:3        Snake (4/4) Lair:3        Slime (5/5) Lair:4
    Orc (2/2) D:10            Elf (3/3) Orc:2        Vaults (4/5) D:14
  Crypt (0/3) Vaults:2     Depths (4/4) D:15            Zot (5/5) Depths:4

Altars:
Ashenzari
Cheibriados
Dithmenos
Elyvilon
Fedhas
Gozag
Hepliaklqana
Kikubaaqudgha
Makhleb
Nemelex Xobeh
Okawaru
Qazlal
Ru
Sif Muna
Trog
Uskayaw
Vehumet
Wu Jian
Xom
Yredelemnul
Zin
The Shining One
Lugonu

Shops:
D:1 !   D:5 [   D:7 *   D:8 *   D:15 *=   Orc:2 ![*:!([[   Elf:1 =   Elf:2 **
Elf:3 (   Snake:2 *(*   Snake:4 *   Vaults:1 (   Vaults:3 [   Depths:2 ?

Portals:
Hell: Depths:1 Depths:2 Depths:3 Depths:4
Abyss: Lair:5 Depths:2 Depths:3
Pandemonium: Depths:2 Depths:4
Ziggurat: Depths:1

Annotations:
D:2 Terence
D:4 exclusion: door
D:15 3 runed translucent doors, exclusion: obsidian statue, Sirjeffry24's ghost, journeyman DrSh
Lair:1 exclusion: 2 oklob plants
Elf:2 3 runed translucent doors, exclusion: door, Roxanne
Zot:3 36 runed doors


Innate Abilities, Weirdness & Mutations

You can breathe wild blasts of lightning.
Your glossy black scales are hard. (AC +12)
You cannot fit into any form of body armour.
Your large and strong wings let you fly.
You are resistant to electric shocks. (rElec)
You are cold-blooded and may be slowed by cold attacks.
You occasionally shout uncontrollably at your foes.
You occasionally lose the ability to drink potions when taking damage.


Message History

An Orb Guardian comes into view.
There is a stone staircase leading up here.
You fly upwards.
There is a stone staircase leading down here.
What level of the Dungeon? (default 1, ? - help)
There is a stone staircase leading up here.
You fly upwards.
Level annotation: exclusion: door
There is a stone staircase leading down here.
There is an open door here.
A ynoxinul comes into view.
The ynoxinul bellows!
Unknown command.
The ynoxinul gestures.
The ynoxinul gestures at you. You block the entropic shot.
The ufetubus shouts!
The ynoxinul gestures at you. You block the entropic shot.
The ynoxinul gestures.
There is a stone staircase leading up here.
You block the ufetubus's attack. x2
You fly upwards.
There is a stone staircase leading down here.
What level of the Dungeon? (default 1, ? - help)
You see here a +0 ring mail.
There is a stone staircase leading up here.
You fly upwards.
Level annotation: Terence HP restored.
There is a stone staircase leading down here.
You yell at the blizzard demon!
A blizzard demon comes into view.
There is a stone staircase leading up here.
Unknown command.
You fly upwards.
There is a stone staircase leading down here.
What level of the Dungeon? (default 1, ? - help)
There is a staircase leading out of the dungeon here.
You have escaped!

#######.#### #.# #.
#.......# #.# ## ###.#######
#.# # #........######
#.###### #.#.######~##~##
#......#
#.#.#####~♣~~P~########.#
#.#....#~♣8♣P8P~# #.#
#.#....##~♣..P.########.#
#.#......~~@.........⌠.⌠#
#.#.#.###~P..P.#####..∩.####
#.#.#.##~P8PP8P~# #.⌠.⌠....
#.....###~P~~P~## #..#.####
#.....####~##~## #..#.#
#........###### #....###
#.....#### ##.....# #.....#
### #..##.## ###...# ##.##
#...>...


There were no monsters in sight!

Vanquished Creatures
  the Royal Jelly (Slime:5)
  A dread lich (Zot:5)
  Tiamat (Zot:3)
  An ancient lich (Zot:5)
  2 orbs of fire
  6 juggernauts
  Josephina (Depths:3)
  Sojobo (Depths:3)
  Saint Roka (Orc:2)
  Frederick (Vaults:3)
  A caustic shrike (Depths:3)
  A Killer Klown (Zot:4)
  8 golden dragons
  3 curse toes
  A pearl dragon (Depths:3)
  An electric golem (Zot:1)
  A profane servitor (D:9)
  Rupert (Orc:2)
  12 tentacled monstrosities
  Jorgrun (D:14)
  An Orb Guardian (Zot:5)
  4 liches
  2 deep elf blademasters (Elf:2)
  2 walking divine tomes
  A sphinx (shapeshifter) (Depths:3)
  12 quicksilver dragons
  2 sphinxes
  2 deep elf master archers
  7 titans
  An Executioner (D:12)
  18 acid blobs
  Kirke (Swamp:1)
  6 death cobs
  2 tengu reavers (Depths:3)
  3 thorn hunters
  8 shadow dragons
  Aizul (Snake:4)
  7 draconian monks
  Donald (Snake:4)
  12 storm dragons
  A fenstrider witch (Swamp:3)
  2 nagarajas (Snake:4)
  3 azure jellies (Slime:5)
  11 rockslimes
  7 fire giants
  A fire giant (shapeshifter) (Depths:3)
  An iron dragon (Depths:1)
  18 vault wardens
  4 draconian knights
  5 frost giants
  2 ghost moths
  5 deep elf sorcerers
  6 deep elf elementalists
  5 draconian stormcallers
  5 draconian shifters
  A ghost moth (shapeshifter) (Lair:5)
  3 draconian scorchers (Zot:1)
  14 ironbound preservers
  10 draconian annihilators
  A war gargoyle (Vaults:1)
  8 quicksilver oozes
  A stone giant (shapeshifter) (Vaults:4)
  5 formless jellyfish
  2 orc warlords
  13 stone giants
  7 deep elf demonologists
  11 very ugly things
  18 green draconians
  4 ironbound thunderhulks
  4 vampire knights
  16 black draconians
  4 eleionomae
  6 purple draconians
  9 deep elf annihilators
  5 bunyips
  3 spark wasps (Depths:3)
  3 yellow draconians
  11 white draconians
  17 red draconians
  9 dire elephants
  A blizzard demon (Depths:2)
  7 ettins
  A green death (Depths:4)
  3 deep elf death magi (Elf:3)
  7 yaktaur captains
  11 great orbs of eyes
  3 deep elf high priests
  4 fire dragons
  6 rakshasas
  Erolcha (D:11)
  2 entropy weavers
  An ice dragon (shapeshifter) (Lair:5)
  9 ice dragons
  2 vault guards
  A caustic shrike simulacrum (Depths:3)
  4 merfolk avatars (Swamp:4)
  Fannar (Orc:1)
  18 hydras
  3 ghost crabs
  A death knight (Vaults:2)
  11 alligators
  2 spriggan air magi
  4 ironbound frosthearts
  10 anacondas
  5 salamander tyrants (Snake:4)
  An alligator snapping turtle (Zot:5)
  8 two-headed ogres
  7 centaur warriors
  2 ogre magi
  2 boulder beetles
  A two-headed ogre (shapeshifter) (Depths:3)
  7 deep troll shamans
  4 tengu warriors
  7 naga warriors
  A vampire mage (Depths:3)
  11 deep troll earth magi
  10 dancing weapons
  3 hell hogs (Depths:2)
  A shock serpent (shapeshifter) (Lair:5)
  10 naga sharpshooters
  4 thrashing horrors (Lair:5)
  3 shock serpents
  2 spriggan berserkers (Depths:2)
  7 hell knights
  A soul eater (Depths:4)
  Nergalle (Orc:2)
  A titan skeleton (Vaults:1)
  14 deep elf knights
  A skyshark (Lair:2)
  3 salamander mystics
  A flayed ghost (Depths:3)
  57 deep trolls
  12 iron trolls
  3 glowing orange brains
  2 goliath frogs
  5 spriggan druids
  3 death drakes (Depths:4)
  11 swamp dragons
  A skeletal warrior (Vaults:2)
  Pikel (D:8)
  4 naga ritualists
  11 lindwurms
  11 wizards
  A spriggan simulacrum (Depths:3)
  12 ironbound convokers
  6 bog bodies
  27 deep elf pyromancers
  10 deep elf archers
  12 mana vipers
  5 orc knights
  22 deep elf zephyrmancers
  A harpy (Vaults:2)
  11 orc sorcerers
  5 necromancers
  An oklob plant (Lair:1)
  29 ugly things
  2 manticores
  A wolf spider (D:12)
  13 salamanders
  17 moths of wrath
  4 shining eyes
  A will-o-the-wisp (Swamp:2)
  5 cyclopes
  Maurice (D:11)
  6 large abominations
  30 black mambas
  A titan simulacrum (Depths:3)
  An elf zombie (Vaults:1)
  5 guardian serpents (Snake:4)
  An ice statue (D:14)
  18 vault sentinels
  2 rust devils
  16 naga magi
  A smoke demon (Lair:5)
  A black mamba (shapeshifter) (Lair:5)
  An eye of devastation (Slime:3)
  Maggie (D:8)
  4 unseen horrors
  2 orange demons (Depths:4)
  10 cane toads
  2 gargoyles
  3 rime drakes
  3 efreet
  35 yaktaurs
  A freezing wraith (D:15)
  7 komodo dragons
  Psyche (D:8)
  A komodo dragon (shapeshifter) (Depths:3)
  A red devil (Depths:4)
  8 trolls
  2 polar bears
  A troll (shapeshifter) (D:14)
  8 tyrant leeches
  A raiju (Lair:5)
  A tarantella (shapeshifter) (Depths:1)
  10 hornets
  30 blink frogs
  A fire giant simulacrum (Vaults:1)
  A dream sheep (shapeshifter) (D:15)
  A snapping turtle (shapeshifter) (Depths:3)
  A tengu simulacrum (Depths:3)
  5 dream sheep
  94 slime creatures
  2 air elementals
  4 shadows
  3 wyverns
  10 water elementals
  10 spriggans
  2 vampires
  2 hogs (Swamp:1)
  51 yaks
  A yak (shapeshifter) (Depths:2)
  4 wraiths
  12 basilisks
  3 ynoxinuls
  Grum (D:10)
  3 golden eyes (Slime:3)
  10 vampire mosquitoes
  5 chaos spawn (Depths:3)
  3 steam dragons
  A steam dragon (shapeshifter) (Elf:3)
  A neqoxec (Depths:4)
  5 fire elementals
  A hog (shapeshifter) (D:13)
  Menkaure (D:5)
  A redback (Vaults:1)
  Edmund (D:5)
  24 swamp worms
  33 nagas
  2 acid dragons
  16 water moccasins
  2 hell hounds
  3 floating eyes
  11 swamp drakes
  3 ettin simulacra (Depths:2)
  6 ice beasts
  22 orc warriors
  9 ogres
  6 black bears
  5 centaurs
  23 wolves
  A phantom (D:7)
  2 kobold brigands (D:9)
  18 bullfrogs
  2 earth elementals (Elf:2)
  3 wyvern zombies (D:7)
  A necrophage (D:7)
  A glowing shapeshifter simulacrum (Depths:3)
  A scorpion (D:5)
  4 wights
  12 killer bees
  8 electric eels
  6 howler monkeys
  3 centaur zombies (D:7)
  A human simulacrum (Vaults:1)
  A human zombie (D:7)
  A hound (D:7)
  7 jellies
  A gnoll bouda (D:8)
  Crazy Yiuf (D:3)
  8 orc priests
  2 sleepcaps
  Ijyb (D:5)
  3 iguanas
  34 orc wizards
  17 small abominations
  2 mummies (D:7)
  A howler monkey zombie (D:7)
  10 adders
  8 gnolls
  2 shadow imps
  3 white imps
  An ufetubus (D:6)
  4 worms
  3 dart slugs
  70 orcs
  6 bats
  14 endoplasms
  3 giant cockroaches
  6 goblins
  7 hobgoblins
  8 jackals
  9 quokkas
  8 ball pythons
  2 frilled lizards (D:3)
  19 kobolds
  10 rats
1893 creatures vanquished.

Vanquished Creatures (collateral kills)
  A dread lich (Zot:5)
  An ancient lich (Zot:5)
  3 Killer Klowns (Zot:5)
  A golden dragon (Zot:5)
  2 electric golems (Zot:5)
  8 Orb Guardians (Zot:5)
  A storm dragon (Zot:5)
  A draconian knight (Zot:5)
  A ghost moth (Zot:5)
  A draconian annihilator (Zot:5)
  A green draconian (Zot:5)
  2 black draconians (Zot:5)
  3 purple draconians (Zot:5)
  A death yak (Zot:5)
  A cherub (Zot:1)
  2 moths of wrath (Zot:5)
  A neqoxec (Zot:4)
  An endoplasm (D:3)
32 creatures vanquished.

Vanquished Creatures (others)
  A dread lich (Zot:5)
  An ancient lich (Zot:5)
  5 Killer Klowns (Zot:5)
  2 tentacled monstrosities (Zot:5)
  13 Orb Guardians (Zot:5)
  A death cob (Zot:5)
  A hydra (Swamp:4)
  A spriggan druid (Swamp:4)
  2 orc wizards
  2 foxfires (Swamp:2)
29 creatures vanquished.

Grand Total: 1954 creatures vanquished

Notes
Turn   | Place    | Note
-------+----------+-------------------------------------------
     0 | D:1      | freelancePsychic the Draconian Necromancer began the quest
                  | for the Orb.
     0 | D:1      | Reached XP level 1. HP: 14/14 MP: 3/3
   159 | D:1      | Found Wuahedu's Distillery.
   242 | D:1      | Reached skill level 1 in Fighting
   346 | D:1      | Reached XP level 2. HP: 17/23 MP: 0/5
  1233 | D:2      | Reached XP level 3. HP: 29/29 MP: 1/6
  1694 | D:1      | Bought a potion of curing for 33 gold pieces
  1791 | D:2      | Learned a level 3 spell: Vampiric Draining
  1852 | D:2      | You fall into a shaft and drop 1 floor!
  2085 | D:2      | Reached XP level 4. HP: 37/37 MP: 1/7
  2170 | D:2      | Noticed Terence
  2701 | D:3      | Reached skill level 5 in Necromancy
  3033 | D:3      | Found a runed translucent door.
  3034 | D:3      | Noticed Crazy Yiuf
  3118 | D:3      | Identified the +2 leather armour "Icuik" {Harm rElec Regen+
                  | Int-4}
  3575 | D:4      | Reached XP level 5. HP: 45/45 MP: 2/8
  3577 | D:4      | Identified the +2 dagger "Ogreslayer" {drain, *Slow rElec
                  | rPois Will+}
  3698 | D:4      | Found a staircase to the Ecumenical Temple.
  3704 | D:4      | Noticed an ice beast
  3886 | D:3      | Killed Crazy Yiuf
  4024 | D:4      | Killed an ice beast
  4025 | D:4      | Reached XP level 6. HP: 46/52 MP: 0/10
  4220 | Temple   | Entered the Ecumenical Temple
  4241 | Temple   | Became a worshipper of Gozag Ym Sagoz the Greedy
  4366 | D:4      | Found a stormy altar of Qazlal.
  4371 | D:4      | Found a burning altar of Makhleb.
  4779 | D:4      | Noticed a water moccasin
  4882 | D:4      | Noticed a steam dragon
  4893 | D:4      | Killed a steam dragon
  4894 | D:4      | Your scales start taking on a glossy black colour.
  4894 | D:4      | Reached XP level 7. HP: 51/60 MP: 8/12
  4894 | D:4      | Gained mutation: You are resistant to electric shocks.
                  | (rElec) [Black Draconian growth]
  4907 | D:4      | Reached skill level 5 in Fighting
  5091 | D:4      | Learned a level 4 spell: Olgreb's Toxic Radiance
  5174 | D:5      | Entered Level 5 of the Dungeon
  5229 | D:5      | Reached skill level 1 in Poison Magic
  5340 | D:5      | Noticed Ijyb
  5424 | D:5      | Reached XP level 8. HP: 55/70 MP: 7/14
  5475 | D:5      | Noticed Edmund
  5526 | D:5      | Killed Edmund
  5716 | D:5      | Killed Ijyb
  5792 | D:5      | Found Sefiefon's Antique Armour Shop.
  5804 | D:5      | Bought an embroidered hat for 217 gold pieces
  5956 | D:5      | Noticed Menkaure
  5957 | D:5      | Found a snail-covered altar of Cheibriados.
  5968 | D:5      | Killed Menkaure
  5969 | D:5      | Reached skill level 5 in Poison Magic
  7011 | D:7      | Found a shimmering altar of Xom.
  7057 | D:7      | Reached XP level 9. HP: 56/79 MP: 6/15
  7390 | D:7      | Found Cerixoit's Fire Supplies.
  7399 | D:7      | Bought the Secrets of the Burn for 408 gold pieces
  7403 | D:7      | Learned a level 3 spell: Ignite Poison
  7672 | D:7      | Reached skill level 1 in Transmutations
  7672 | D:7      | Reached skill level 1 in Fire Magic
  7831 | D:7      | Found an ancient bone altar of Kikubaaqudgha.
  8507 | D:7      | Found a broken altar of Ashenzari.
  8508 | D:7      | Found a hide-covered altar of Uskayaw.
  8668 | D:8      | Found a shimmering blue altar of Sif Muna.
  8671 | D:8      | Noticed Maggie
  8676 | D:8      | Killed Maggie
  8792 | D:8      | Identified the +9 falchion "Ynoloz" {antimagic, rElec rC+}
  8999 | D:8      | Noticed Psyche
  9004 | D:8      | Killed Psyche
  9270 | D:8      | Reached XP level 10. HP: 55/91 MP: 4/16
  9471 | D:8      | Found a bloodstained altar of Trog.
  9882 | D:8      | Reached skill level 1 in Air Magic
 10063 | D:8      | Found a radiant altar of Vehumet.
 10063 | D:8      | Found a sacrificial altar of Ru.
 10063 | D:8      | Found a sparkling altar of Nemelex Xobeh.
 10093 | D:8      | Noticed Pikel
 10099 | D:8      | Killed Pikel
 10100 | D:8      | Reached skill level 5 in Fire Magic
 10100 | D:8      | Reached skill level 2 in Air Magic
 10143 | D:8      | Found Asoisu's Mail-Order Catalogue.
 10157 | D:8      | Reached skill level 10 in Fighting
 10157 | D:8      | Reached skill level 3 in Air Magic
 10378 | D:8      | Found a staircase to the Lair.
 10529 | D:8      | Reached skill level 4 in Air Magic
 10662 | D:7      | Bought a +1 pair of gloves of fire resistance for 198 gold
                  | pieces
 10711 | D:9      | Found a shadowy altar of Dithmenos.
 10948 | D:9      | Reached skill level 5 in Air Magic
 11908 | D:9      | Reached XP level 11. HP: 54/96 MP: 17/17
 12188 | D:9      | Reached skill level 6 in Air Magic
 12558 | D:10     | Entered Level 10 of the Dungeon
 13005 | D:7      | Bought the Codex of Fever for 504 gold pieces
 13012 | D:7      | Learned a level 6 spell: Plasma Beam
 13356 | D:10     | Reached skill level 7 in Air Magic
 13357 | D:10     | Noticed Grum
 13376 | D:10     | Killed Grum
 13636 | D:10     | Found a glowing silver altar of Zin.
 13932 | D:10     | Found a white marble altar of Elyvilon.
 14062 | D:10     | Found a staircase to the Orcish Mines.
 14330 | Orc:1    | Entered Level 1 of the Orcish Mines
 14338 | Orc:1    | Noticed Fannar
 14344 | Orc:1    | Killed Fannar
 14860 | Orc:1    | Found a frozen archway.
 14862 | Orc:1    | You fall into a shaft and drop 1 floor!
 14862 | Orc:2    | Entered Level 2 of the Orcish Mines
 14862 | Orc:2    | Noticed an orc sorcerer
 14862 | Orc:2    | Found For Fetu's Distillery.
 14864 | Orc:2    | Noticed a sun demon
 14865 | Orc:2    | Killed an orc sorcerer
 14865 | Orc:2    | Noticed an orc sorcerer
 14866 | Orc:2    | Reached skill level 8 in Air Magic
 14872 | Orc:2    | Killed an orc sorcerer
 14950 | Orc:2    | Bought 2 potions of brilliance for 80 gold pieces
 14950 | Orc:2    | Bought a potion of heal wounds for 50 gold pieces
 14950 | Orc:2    | Noticed an orc sorcerer
 14950 | Orc:2    | Noticed an ogre mage
 14950 | Orc:2    | Found a radiant altar of Vehumet.
 14959 | Orc:2    | Found Qeluod's Antique Armour Shop.
 14959 | Orc:2    | Noticed an orc sorcerer
 14964 | Orc:2    | Killed an orc sorcerer
 14964 | Orc:2    | Killed an orc sorcerer
 14965 | Orc:2    | Noticed an orc sorcerer
 14966 | Orc:2    | Noticed Nergalle
 14970 | Orc:2    | Killed an orc sorcerer
 14971 | Orc:2    | Killed Nergalle
 14972 | Orc:2    | Noticed an orc sorcerer
 14980 | Orc:2    | Noticed a sixfirhy
 14981 | Orc:2    | Killed an ogre mage
 14982 | Orc:2    | Reached skill level 9 in Air Magic
 14982 | Orc:2    | Reached XP level 12. HP: 33/113 MP: 1/18
 15190 | Orc:2    | Found a staircase to the Elven Halls.
 15231 | Orc:2    | Found Haefruc's Distillery.
 15558 | Orc:2    | Noticed Rupert
 15558 | Orc:2    | Found Coaseung's Armour Boutique.
 15566 | Orc:2    | Killed Rupert
 15923 | Orc:2    | Found Ethrirghe's General Store.
 15954 | Orc:2    | Noticed Saint Roka
 16012 | Orc:2    | Killed Saint Roka
 16013 | Orc:2    | Reached skill level 10 in Air Magic
 16382 | Orc:2    | Reached skill level 10 in Fire Magic
 16481 | Orc:2    | Found Rusygh's Book Shop.
 16510 | Orc:2    | Found an ancient bone altar of Kikubaaqudgha.
 16514 | Orc:2    | Found Pycuc's Antique Weapon Boutique.
 16714 | Orc:2    | Bought a pair of boots for 135 gold pieces
 16933 | Orc:2    | Paralysed by an orc sorcerer for 3 turns
 17076 | Orc:2    | Found Qefan's Armour Shop.
 17538 | Lair:1   | Entered Level 1 of the Lair of Beasts
 18073 | Lair:1   | Reached skill level 11 in Air Magic
 18650 | Lair:1   | Reached XP level 13. HP: 123/123 MP: 15/19
 18888 | Lair:1   | Reached skill level 5 in Dodging
 19424 | Lair:2   | Found an ornate altar of the Wu Jian Council.
 19497 | Lair:2   | Found a hide-covered altar of Uskayaw.
 19760 | Lair:2   | Identified the +5 mace "Daxty" {elec, rElec Str+4}
 20559 | Lair:2   | Found a glowing golden altar of the Shining One.
 21530 | Lair:3   | Reached skill level 12 in Air Magic
 21751 | Lair:3   | Upgraded the game from 0.31-a0-618-g7ca08c1ff9 to
                  | 0.31-a0-620-gd1cbd99268
 22100 | Orc:2    | Bought the +3 Elemental Staff {ele, rElec rF+ rC+ AC+3} for
                  | 1998 gold pieces
 22100 | Orc:2    | Found the +3 Elemental Staff {ele, rElec rF+ rC+ AC+3}
 22841 | Lair:3   | Found a staircase to the Swamp.
 23041 | Lair:3   | Found a staircase to the Snake Pit.
 23750 | Lair:4   | Reached skill level 5 in Spellcasting
 23750 | Lair:4   | Reached skill level 13 in Air Magic
 24383 | Lair:4   | Found a runed translucent door.
 24385 | Lair:4   | Found a staircase to the Slime Pits.
 24793 | Lair:4   | Gained mutation: Your large and strong wings let you fly.
                  | [Black Draconian growth]
 24793 | Lair:4   | Reached XP level 14. HP: 80/133 MP: 2/22
 25128 | Lair:4   | Identified the +6 battleaxe of the Badger {elec, Str+3
                  | Stlth+}
 25129 | Lair:4   | Identified the +6 triple sword of Mana {freeze, rC+}
 25374 | Lair:5   | Entered Level 5 of the Lair of Beasts
 25420 | Lair:5   | Reached skill level 15 in Fighting
 26382 | Lair:5   | Reached skill level 14 in Air Magic
 27173 | Lair:5   | a minotaur changed into an emperor scorpion
 27173 | Lair:5   | Noticed an emperor scorpion (shapeshifter)
 27176 | Lair:5   | an emperor scorpion changed into a quicksilver ooze
 27176 | Lair:5   | Noticed a quicksilver ooze (shapeshifter)
 27391 | Lair:5   | Killed a ghost moth
 29054 | Lair:5   | Reached skill level 15 in Air Magic
 29525 | Lair:5   | Found a corrupted altar of Lugonu.
 29525 | Lair:5   | Found a one-way gate to the infinite horrors of the Abyss.
 29568 | Lair:5   | Identified the +3 sling of Articulation {heavy, rC+ Dex+5}
 30035 | D:11     | Noticed Erolcha
 30039 | D:11     | Killed Erolcha
 30328 | D:11     | Noticed Maurice
 30340 | D:11     | Killed Maurice
 31181 | D:12     | Upgraded the game from 0.31-a0-620-gd1cbd99268 to
                  | 0.31-a0-626-g8143ab4f1d
 31398 | D:12     | Learned a level 2 spell: Sublimation of Blood
 32548 | D:13     | Reached skill level 16 in Air Magic
 33203 | D:14     | Found a gate to the Vaults.
 33597 | D:14     | Noticed Jorgrun
 33721 | D:14     | Killed Jorgrun
 33722 | D:14     | Reached XP level 15. HP: 144/144 MP: 16/26
 34368 | D:14     | Found Zin's Purification Station.
 34369 | D:14     | Found a glowing silver altar of Zin.
 34376 | D:14     | Bought a potion of curing for 90 gold pieces
 34514 | D:15     | Entered Level 15 of the Dungeon
 34632 | D:15     | Reached skill level 1 in Shields
 34812 | D:15     | Reached skill level 17 in Air Magic
 35124 | D:15     | Found a runed translucent gate.
 35124 | D:15     | Found a runed translucent gate.
 35124 | D:15     | Found a runed translucent gate.
 35269 | D:15     | Noticed Sirjeffry24's ghost (journeyman DrSh)
 35269 | D:15     | Noticed a frost giant
 35270 | D:15     | Found an opulent altar of Gozag.
 35270 | D:15     | Found Ciogit's Assorted Antiques.
 35270 | D:15     | Noticed a shadow dragon
 35962 | D:15     | Found a staircase to the Depths.
 35983 | D:15     | Found Igiol's Jewellery Shoppe.
 36020 | D:15     | Bought an amulet of magic regeneration for 480 gold pieces
 36020 | D:15     | Bought the ring "Ragoiqag" {MP+9 Int+3 Stlth+} for 577 gold
                  | pieces
 36488 | Elf:1    | Entered Level 1 of the Elven Halls
 36495 | Elf:1    | Reached skill level 18 in Air Magic
 36636 | Elf:1    | Noticed a deep elf sorcerer
 36638 | Elf:1    | Killed a deep elf sorcerer
 36753 | Elf:1    | Got Ajus's Folio of Niveous Spellbinding
 36777 | Elf:1    | Reached skill level 5 in Shields
 37196 | Snake:1  | Entered Level 1 of the Snake Pit
 37743 | Snake:1  | Reached skill level 19 in Air Magic
 38493 | Snake:1  | Reached XP level 16. HP: 151/151 MP: 28/28
 39485 | Snake:2  | Reached skill level 1 in Evocations
 39509 | Snake:2  | Reached skill level 1 in Staves
 40265 | Snake:2  | Found Wehoar's Assorted Antiques.
 40265 | Snake:2  | Found Taownoes's Antique Weapon Emporium.
 40269 | Snake:2  | Found Ifuenkoa's Assorted Antiques.
 40688 | Snake:3  | Reached skill level 20 in Air Magic
 41482 | Swamp:1  | Entered Level 1 of the Swamp
 41729 | Swamp:1  | Noticed a thorn hunter
 41746 | Swamp:1  | Killed a thorn hunter
 42077 | Swamp:1  | Noticed Kirke
 42081 | Swamp:1  | Killed Kirke
 42604 | Swamp:2  | Identified the +5 long sword "Zuro Kau" {venom, Will++
                  | Str+2}
 42817 | Swamp:2  | Reached skill level 5 in Staves
 42817 | Swamp:2  | Reached skill level 5 in Evocations
 42898 | Swamp:2  | Found a transporter.
 42945 | Swamp:2  | Found a transporter.
 43204 | Swamp:2  | Identified the +0 hat "Jytsok" {Stlth+}
 43208 | Swamp:2  | Identified the amulet of Poadaqox {Rampage rElec Will-
                  | Regen+}
 43397 | Swamp:3  | Reached XP level 17. HP: 139/158 MP: 5/29
 44095 | Swamp:4  | Entered Level 4 of the Swamp
 44651 | Swamp:4  | Noticed a tentacled monstrosity
 44723 | Swamp:3  | Killed a tentacled monstrosity
 44724 | Swamp:3  | Reached skill level 10 in Shields
 45071 | Swamp:4  | Got a decaying rune of Zot
 45149 | Swamp:4  | Identified the +0 great sword of Peddexio {heavy, *Rage
                  | rCorr Str+6}
 45658 | Snake:4  | Entered Level 4 of the Snake Pit
 45716 | Snake:4  | Noticed Donald
 46010 | Snake:4  | Noticed Aizul
 46018 | Snake:4  | Killed Aizul
 46028 | Snake:4  | Killed Donald
 47013 | Snake:4  | Reached XP level 18. HP: 169/169 MP: 27/30
 47313 | Snake:4  | Got a serpentine rune of Zot
 47535 | Snake:4  | Found Bsaru's Bounteous Boutique.
 47542 | Snake:4  | Bought a scroll of butterflies for 64 gold pieces
 47880 | D:7      | Bought the Enchiridion on Kindling for 456 gold pieces
 47889 | D:7      | Learned a level 8 spell: Ignition
 48768 | Elf:1    | Found Cyt Qaw's Jewellery Shoppe.
 49832 | Elf:2    | Reached skill level 15 in Fire Magic
 50091 | Elf:2    | Found Cocvat's Overcharged Wands.
 50367 | Elf:2    | Found Yfyfes's Assorted Antiques.
 50379 | Elf:2    | Bought a potion of brilliance for 136 gold pieces
 50590 | Elf:2    | Found a runed translucent gate.
 50590 | Elf:2    | Found a runed translucent gate.
 50590 | Elf:2    | Found a runed translucent gate.
 50782 | Elf:2    | Noticed Roxanne
 50879 | Elf:3    | Entered Level 3 of the Elven Halls
 50891 | Elf:2    | Paralysed by an air elemental for 1 turns
 51043 | Elf:3    | Noticed an Ice Fiend
 51217 | Elf:2    | Noticed a Brimstone Fiend
 52388 | Elf:2    | HP: 4/163 [deep elf blademaster/+2 short sword of speed
                  | (5)]
 53382 | Elf:3    | Identified the +6 great mace of Beogh, Bedazzling {protect,
                  | *Rage rPois Dex+2 Stlth+}
 53382 | Elf:3    | Identified the +1 robe "Izoantid" {Drain rN+ Archmagi}
 53414 | Elf:3    | Identified the staff "Gotukih" {Drain rElec rPois rCorr
                  | SInv Air}
 53416 | Elf:3    | Reached XP level 19. HP: 179/179 MP: 7/31
 53810 | Elf:3    | Got the Opusculum on Peregrination
 53832 | Elf:3    | Found Rewicw's Weapon Emporium.
 53839 | Elf:3    | Noticed a Brimstone Fiend
 54022 | Elf:3    | Identified the +1 ring mail of the Pink Corner {rF+ Int-5
                  | SInv}
 54083 | Elf:3    | Got the Excursus on Fuming Toxicants
 54209 | Elf:3    | Learned a level 8 spell: Maxwell's Capacitive Coupling
 54438 | Vaults:1 | Entered Level 1 of the Vaults
 54543 | Vaults:1 | Reached skill level 10 in Dodging
 55165 | Vaults:1 | Identified the staff "Narov" {rElec Dex+3 Air}
 55862 | Vaults:1 | Found Sikkif's Weapon Boutique.
 57600 | Vaults:2 | Found a staircase to the Crypt.
 58313 | Vaults:3 | Found Ywiulum's Armour Shop.
 58326 | Vaults:3 | Reached XP level 20. HP: 191/191 MP: 8/32
 58785 | Vaults:3 | You are sucked into a shaft and drop 1 floor!
 59176 | Vaults:4 | Paralysed by a great orb of eyes for 3 turns
 61465 | Vaults:3 | Noticed Frederick
 61469 | Vaults:3 | Killed Frederick
 62533 | Depths:1 | Entered Level 1 of the Depths
 62543 | Depths:1 | Reached skill level 21 in Air Magic
 62853 | Depths:1 | Reached XP level 21. HP: 174/201 MP: 8/33
 63425 | Depths:1 | Found a one-way gateway to a ziggurat.
 64103 | Depths:1 | Found a gateway to Hell.
 65180 | Depths:2 | Found a one-way gate leading to the halls of Pandemonium.
 65339 | Depths:2 | Reached skill level 15 in Shields
 65685 | Depths:2 | Found Noawo's Magic Scroll Emporium.
 65688 | Depths:2 | Bought a scroll of blinking for 120 gold pieces
 65688 | Depths:2 | Bought a scroll of teleportation for 48 gold pieces
 65688 | Depths:2 | Bought a scroll of teleportation for 48 gold pieces
 65954 | Depths:3 | Identified the ring of Wasmaupn {Ice rElec Str-2 Dex+3}
 65954 | Depths:3 | Noticed Josephina
 65962 | Depths:3 | Killed Josephina
 66104 | Depths:3 | Noticed Sojobo
 66106 | Depths:3 | Paralysed by an air elemental for 1 turns
 66112 | Depths:3 | Paralysed by an air elemental for 1 turns
 66120 | Depths:3 | Killed Sojobo
 66356 | Depths:3 | Noticed a juggernaut
 66359 | Depths:3 | Killed a juggernaut
 66391 | Depths:3 | Reached skill level 22 in Air Magic
 66524 | Depths:3 | Noticed a golden dragon
 66528 | Depths:3 | Killed a golden dragon
 67212 | Depths:3 | Noticed a golden dragon
 67217 | Depths:3 | Killed a golden dragon
 67262 | Depths:3 | Noticed a juggernaut
 67265 | Depths:3 | Killed a juggernaut
 67293 | Depths:3 | Noticed a caustic shrike
 67398 | Depths:3 | Killed a caustic shrike
 67432 | Depths:3 | Noticed a golden dragon
 67437 | Depths:3 | Killed a golden dragon
 67505 | Depths:3 | Noticed a juggernaut
 67511 | Depths:3 | Killed a juggernaut
 67512 | Depths:3 | Reached skill level 10 in Spellcasting
 67512 | Depths:3 | Reached XP level 22. HP: 177/208 MP: 32/36
 67583 | Depths:3 | Noticed a golden dragon
 67588 | Depths:3 | Killed a golden dragon
 67759 | Depths:3 | Noticed a juggernaut
 67761 | Depths:3 | Killed a juggernaut
 68302 | Depths:4 | Entered Level 4 of the Depths
 68308 | Depths:4 | Noticed a juggernaut
 68315 | Depths:4 | Killed a juggernaut
 68590 | Depths:4 | Noticed a juggernaut
 68887 | Depths:4 | Killed a juggernaut
 69657 | Depths:4 | Noticed a golden dragon
 69684 | Depths:4 | Killed a golden dragon
 70096 | Depths:4 | Noticed a golden dragon
 70111 | Depths:4 | Killed a golden dragon
 71175 | Depths:4 | Identified the +1 trident "Ilalav" {elec, Drain rC+ Will+
                  | rCorr}
 71229 | Depths:4 | Found a gate to the Realm of Zot.
 72188 | Slime:1  | Entered Level 1 of the Pits of Slime
 72328 | Slime:2  | Reached XP level 23. HP: 173/215 MP: 17/39
 74427 | Slime:5  | Entered Level 5 of the Pits of Slime
 75269 | Slime:5  | Noticed the Royal Jelly
 75275 | Slime:5  | Killed the Royal Jelly
 75437 | Slime:5  | Found the ring of Shadows {Umbra +Inv Stlth+}
 75448 | Slime:5  | Got a slimy rune of Zot
 75461 | Slime:5  | Identified the ring of Joy {EV+5 Str+6 Dex+3}
 75465 | Slime:5  | Got Bikhluy's Foundations of Spellweaving
 76266 | Zot:1    | Entered Level 1 of the Realm of Zot
 77875 | Zot:2    | Noticed an orb of fire
 77880 | Zot:2    | Killed an orb of fire
 78183 | Zot:2    | Upgraded the game from 0.31-a0-626-g8143ab4f1d to
                  | 0.31-a0-632-g766dd24fdf
 78723 | Zot:2    | Identified the +0 great sword of Demand {heavy, rC- Int+5}
 79173 | Zot:3    | Found a huge runed gate.
 79173 | Zot:3    | Found a huge runed gate.
 79173 | Zot:3    | Found a huge runed gate.
 79175 | Zot:3    | Found a huge runed gate.
 79176 | Zot:3    | Found a huge runed gate.
 79176 | Zot:3    | Found a huge runed gate.
 79176 | Zot:3    | Found a huge runed gate.
 79177 | Zot:3    | Found a huge runed gate.
 79179 | Zot:3    | Found a huge runed gate.
 79179 | Zot:3    | Found a huge runed gate.
 79181 | Zot:3    | Found a huge runed gate.
 79183 | Zot:3    | Found a huge runed gate.
 79183 | Zot:3    | Found a huge runed gate.
 79183 | Zot:3    | Found a huge runed gate.
 79183 | Zot:3    | Found a huge runed gate.
 79183 | Zot:3    | Found a huge runed gate.
 79184 | Zot:3    | Found a huge runed gate.
 79185 | Zot:3    | Found a huge runed gate.
 79193 | Zot:3    | Found a huge runed gate.
 79193 | Zot:3    | Found a huge runed gate.
 79193 | Zot:3    | Found a huge runed gate.
 79193 | Zot:3    | Found a huge runed gate.
 79193 | Zot:3    | Found a huge runed gate.
 79193 | Zot:3    | Found a huge runed gate.
 79194 | Zot:3    | Found a huge runed gate.
 79195 | Zot:3    | Found a huge runed gate.
 79196 | Zot:3    | Found a huge runed gate.
 79204 | Zot:3    | Found a huge runed gate.
 79204 | Zot:3    | Found a huge runed gate.
 79204 | Zot:3    | Found a huge runed gate.
 79204 | Zot:3    | Found a huge runed gate.
 79204 | Zot:3    | Found a huge runed gate.
 79204 | Zot:3    | Found a huge runed gate.
 79205 | Zot:3    | Found a huge runed gate.
 79206 | Zot:3    | Found a huge runed gate.
 79207 | Zot:3    | Found a huge runed gate.
 79226 | Zot:3    | Noticed an orb of fire
 79226 | Zot:3    | Gained mutation: You occasionally lose the ability to drink
                  | potions when taking damage. [an orb of fire]
 79229 | Zot:3    | Gained mutation: You occasionally shout uncontrollably at
                  | your foes. [an orb of fire]
 79231 | Zot:3    | Killed an orb of fire
 79556 | Zot:3    | Reached skill level 15 in Dodging
 79556 | Zot:3    | Reached skill level 15 in Spellcasting
 79556 | Zot:3    | Reached XP level 24. HP: 224/224 MP: 35/42
 79747 | Zot:3    | Found the +4 dragonskin cloak
 79747 | Zot:3    | Noticed Tiamat
 80375 | Zot:3    | Killed Tiamat
 82314 | Zot:4    | Noticed a Killer Klown
 82319 | Zot:4    | Killed a Killer Klown
 83180 | Zot:4    | Reached skill level 23 in Air Magic
 83516 | Zot:5    | Entered Level 5 of the Realm of Zot
 83709 | Zot:5    | Noticed an ancient lich
 83715 | Zot:5    | Killed an ancient lich
 83752 | Zot:5    | Noticed a Killer Klown
 83765 | Zot:5    | Noticed a Killer Klown
 83768 | Zot:5    | Killed a dread lich
 83768 | Zot:5    | Noticed a Killer Klown
 83778 | Zot:5    | Noticed an orb of fire
 83780 | Zot:5    | Noticed a Killer Klown
 83781 | Zot:5    | Noticed a Killer Klown
 83781 | Zot:5    | Noticed a Killer Klown
 83782 | Zot:5    | Noticed a Killer Klown
 83785 | Zot:5    | Noticed a Killer Klown
 83950 | Zot:5    | Noticed an orb of fire
 83951 | Zot:5    | Noticed a dread lich
 83951 | Zot:5    | Noticed an ancient lich
 83953 | Zot:5    | Noticed a dread lich
 83953 | Zot:5    | Noticed a Killer Klown
 83954 | Zot:5    | Noticed an orb of fire
 83954 | Zot:5    | Killed an ancient lich
 83963 | Zot:5    | Killed a dread lich
 83967 | Zot:5    | Reached skill level 24 in Air Magic
 83980 | Zot:5    | Killed a Killer Klown
 83988 | Zot:5    | Killed a Killer Klown
 84101 | Zot:5    | Killed a Killer Klown
 84659 | Zot:5    | Got the Orb of Zot
 85257 | D:$      | Escaped with the Orb!

Illustrated notes

Levels and vault maps discovered:
D:1:      ldierk_walled_garden_2, layout_loops_ring, serial_shops,
          shop_fountains
D:2:      layout_rooms, grunt_ministairs_7, kennysheep_flooded_box, uniq_terence
D:3:      layout_loops_ring, minmay_divided_ellipse, uniq_crazy_yiuf_cottage
D:4:      cheibrodos_barr_body, layout_gridville,
          mainiacjoe_overflow_catwalk_spiral, minmay_temple_entry_arrows
D:5:      layout_rooms, kennysheep_slug_shrine, serial_shops, shop, uniq_ijyb,
          uniq_edmund, uniq_menkaure
D:6:      layout_loops_ring
D:7:      layout_basic, lemuel_mausoleum_altar_kikubaaqudgha,
          mainiacjoe_overflow_catwalk, amethyst_overflow_temple_binary,
          serial_glass, glass_columns_b, glass_columns_a, nicolae_shop_fire_sale
          [nicolae_sub_dead_trees]
D:8:      layout_gridville, mainiacjoe_overflow_alcove_1, lemuel_crystal_altar,
          gammafunk_temple_overflow_claw, hellmonk_lair_entry_icy,
          corexii_hall_statues_i, monkooky_shop_mail_order, uniq_maggie,
          uniq_psyche, uniq_pikel
D:9:      layout_long_grid, grunt_dithmenos_smoke_and_mirrors,
          onia_ninara_cookie
D:10:     layout_basic, marbit_many_paths, lemuel_crystal_altar,
          minmay_misc_feat_four_crosses, uniq_grum
D:11:     layout_loops_cross, uniq_erolcha, uniq_maurice
D:12:     layout_long_grid, lightli_fourway_metalbox
D:13:     layout_roguey
D:14:     layout_irregular_city, hellmonk_vaults_attempted_burglary,
          minmay_holes, chequers_serial_rivers_micro_d, minivault_16,
          zin_purify, uniq_jorgrun
D:15:     hangedman_depths_entry_civil_slaughter, layout_long_grid,
          ebering_ghost_gozag, serial_shops, shop
Temple:   hellmonk_temple_of_storms
Lair:1:   layout_roguey, disabler_island, lemuel_fruit_tree
Lair:2:   layout_small_grid, basic_altar, st_stairs_8,
          nzn_masters_of_martial_movement, grunt_megastairs_5
Lair:3:   layout_gridlike, nicolae_swamp_entry_splash_gauntlet,
          dummy_snake_entry, chequers_serial_rivers_small_b,
          kennysheep_basilisk_garden, serial_bayou_shore_b
Lair:4:   layout_regular_city, slime_entry_2, minmay_stone_trees_small,
          minmay_lindwurm_lava
Lair:5:   hellmonk_lair_end_abyssal_woods, layout_cave_pods,
          grunt_forest_large_clearing_hut
Swamp:1:  layout_basic_swamp, hangedman_swamp_pad, uniq_kirke
Swamp:2:  gammafunk_worm_tunnel, layout_basic_swamp,
          evilmike_swamp_ruin_rubble_1, infiniplex_staircase_pool
Swamp:3:  layout_basic_swamp, evilmike_swamp_ruin_house_4, swamp_pool1,
          cheibrodos_swamp_witchery
Swamp:4:  swamp, layout_basic_swamp, grunt_lady_of_the_lake
Snake:1:  layout_layer_cave
Snake:2:  layout_honeycomb, grunt_megastairs_3, minmay_shop_star,
          serial_bayou_shore_b
Snake:3:  layout_cave_shapes
Snake:4:  hellmonk_snake_rune_quicksilver_temple, layout_misc_corridors,
          nicolae_alphabet_shops, grunt_megastairs_4, uniq_aizul, uniq_donald
Slime:1:  layout_caves
Slime:2:  layout_caves
Slime:3:  layout_caves, nicolae_slime_getting_an_eyeful
Slime:4:  layout_caves
Slime:5:  slime_pit_nicolae_royal_road_to_ruin
Orc:1:    layout_caves, portal_ice_cave_entry_pillars_2, uniq_fannar
Orc:2:    kennysheep_orc_mage_school, layout_caves, serial_shops, shop, shop,
          shop, nicolae_shop_stone, uniq_rupert, uniq_saint_roka
Elf:1:    eino_elf_arrival_the_gate, layout_geoelf_diagonals,
          minmay_elf_crystal_hexagon, minmay_shop_enchanted_jewellery,
          hangedman_decor_cross_pass
Elf:2:    elven_hall_of_blades_hangedman_original [nicolae_blade_lattice],
          layout_geoelf_grid, serial_shops, shop,
          nicolae_shop_overcharged_wands, uniq_roxanne
Elf:3:    grunt_elf_hall_branching, layout_rooms, serial_shops, shop
Vaults:1: ontoclasm_vaults_ring_small, nicolae_vaults_asterisk,
          nicolae_vaults_house_1, vaults_mumra_hexcomb, vaults_room_large_hall,
          nicolae_vaults_sightless_eye, hangedman_vaults_corner_blocks,
          ontoclasm_vaults_shuriken, nicolae_vaults_trapezoid_lopsided_1,
          nicolae_vaults_cochlea, vaults_room_hangedman_quadrants,
          vaults_room_stairs_pillars, grunt_vaults_swirl,
          layout_vaults_big_room, serial_shops, shop
Vaults:2: minmay_crypt_entry_simple_statues, nicolae_vaults_turnstiles,
          nicolae_vaults_alarming, nicolae_vaults_ring_of_whatevers,
          hangedman_vaults_slither, v_misc_10, v_misc_15, v_misc_5,
          nicolae_vaults_weapon_check, ontoclasm_vaults_ligature,
          layout_vaults_ring
Vaults:3: v_misc_27, grunt_vaults_focal, nicolae_vaults_stepped_doors,
          nicolae_vaults_tetromino_L_1, v_misc_11, nicolae_vaults_octothorpe,
          nicolae_vaults_variable_pillar_hall, nicolae_vaults_house_3,
          layout_vaults_omnigrid, serial_shops, shop_statue, uniq_frederick
Vaults:4: nicolae_vaults_network_quinsquares
          [nicolae_vaults_network_quincunx_subvault,
          nicolae_vaults_network_quincunx_subvault,
          nicolae_vaults_network_quincunx_subvault,
          nicolae_vaults_network_quincunx_subvault],
          nicolae_vaults_security_offices_6,
          nicolae_vaults_door_testing_chamber, nicolae_vaults_tetromino_T_2,
          hangedman_vaults_restitches, nicolae_vaults_diamond_1,
          ontoclasm_vaults_idyll, nicolae_vaults_theta, nicolae_vaults_house_1,
          v_misc_29, vaults_mumra_minichess, nicolae_vaults_big_ls,
          ontoclasm_vaults_ring_square, nicolae_vaults_little_ls,
          nicolae_vaults_diagonal_hallway_8, layout_vaults_maze
Depths:1: layout_basic, enter_ziggurat_b, grunt_hell_entry_dis_mu,
          serial_bayou_crossing, kennysheep_random_hallway
Depths:2: hangedman_elemental_death_ray, layout_long_grid, serial_shops,
          nicolae_shop_rolled_up, abyss_entry, rand_demon_pan_entry_9,
          chequers_serial_rivers_micro_c, hangedman_coc_ice_floe,
          nicolae_elevator_lobby_asterisk, infiniplex_staircase_diamond
Depths:3: minmay_the_grid_3x2 [minmay_the_grid_rooms, minmay_the_grid_paths,
          minmay_the_grid_gridbox, minmay_the_grid_holed_spiral,
          minmay_the_grid_dragon_a, minmay_the_grid_prize_four_corners],
          layout_long_grid, hell_entry, minmay_room_of_horrors,
          minmay_shattered_shrine, uniq_josephina, uniq_sojobo
Depths:4: lemuel_castle_with_subvaults [lemuel_castle_interior_original],
          layout_cave_pools, grunt_metal_band, chequers_serial_rivers_large_a,
          grunt_pan_entry_in_and_out
Zot:1:    layout_concentric_octagons, hangedman_zot_decor_scrapings
Zot:2:    layout_cathedral_of_symmetry
Zot:3:    minmay_elemental_castle, layout_misc_corridors,
          gammafunk_ghost_door_vault, zot_minivault_5, uniq_tiamat
Zot:4:    layout_gridlike, grunt_megastairs_1
Zot:5:    layout_misc_corridors

Skill      XL: |  1  2  3  4  5  6  7  8  9 10 11 12 13 14 15 16 17 18 19 20 21 22 23 24 |
---------------+-------------------------------------------------------------------------+-----
Fighting       | 1 2 3 4 6 7 9 10 12 13 14 16 17 18 19 20 21 | 21.1
Necromancy     | 5 6 |  6.3
Spellcasting   | 3 4 5 7 8 10 12 15 | 15.3
Poison Magic   | 3 6 7 |  7.2
Transmutations | 4 |  4.4
Fire Magic     | 4 6 9 10 11 12 14 16 18 19 20 22 | 22.0
Air Magic      | 5 9 11 13 16 19 20 21 22 24 | 24.5
Dodging        | 4 6 7 9 10 12 15 | 15.3
Shields        | 6 8 10 11 13 15 | 15.0
Evocations     | 5 6 |  6.0
Staves         | 5 6 |  6.0
Stealth        | |  1.7

Action                     |  1- 3 |  4- 6 |  7- 9 | 10-12 | 13-15 | 16-18 | 19-21 | 22-24 || total
---------------------------+-------+-------+-------+-------+-------+-------+-------+-------++-------
  Melee: Unarmed           |    17 |     7 |       |       |       |       |       |       ||    24
         Tailslap          |     2 |     7 |    55 |    76 |    57 |    51 |    62 |    39 ||   349
         Dagger            |       |     9 |   153 |   395 |    85 |       |       |       ||   642
         Quarterstaff      |       |    53 |   224 |       |       |       |       |       ||   277
         Punch             |       |       |     2 |    10 |     7 |       |       |       ||    19
         Staff             |       |       |       |       |   223 |   332 |   195 |   131 ||   881
   Cast: Necrotise         |    90 |    65 |     8 |       |       |       |       |       ||   163
         Vampiric Draining |       |    12 |    36 |    19 |     6 |       |       |       ||    73
         Olgreb's Toxic Ra |       |       |     7 |    92 |    30 |     2 |     3 |     5 ||   139
         Ignite Poison     |       |       |     6 |    61 |    15 |     1 |     2 |       ||    85
         Plasma Beam       |       |       |       |    10 |   349 |   556 |   437 |   390 ||  1742
         Maxwell's Capacit |       |       |       |       |       |       |    51 |    82 ||   133
         Ignition          |       |       |       |       |       |       |     9 |    58 ||    67
 Invoke: Potion Petition   |       |       |       |     1 |       |     3 |       |     2 ||     6
         Bribe Branch      |       |       |       |       |       |       |       |     5 ||     5
Ability: Breathe Lightning |       |       |     6 |     9 |     7 |    12 |     5 |     2 ||    41
  Evoke: Wand              |       |     1 |       |     5 |     2 |     6 |       |     1 ||    15
    Use: Scroll            |     2 |     3 |     5 |     8 |     8 |    18 |    13 |    10 ||    67
         Potion            |       |     2 |       |     3 |     1 |     7 |     3 |    13 ||    29
   Stab: Sleeping          |       |     1 |     6 |       |       |       |     1 |     1 ||     9
         Invisible         |       |     1 |       |     4 |       |       |       |       ||     5
         Paralysed         |       |       |     3 |       |       |       |       |       ||     3
         Distracted        |       |       |     2 |       |     2 |     5 |     1 |     5 ||    15
         Confused          |       |       |     2 |       |       |       |       |       ||     2
         Petrified         |       |       |     2 |       |       |       |       |       ||     2
         Petrifying        |       |       |     1 |       |       |       |       |       ||     1
 Armour: Skin              |    11 |    37 |   168 |   194 |   247 |   238 |   120 |   116 ||  1131
  Dodge: Dodged            |    32 |   116 |   310 |   385 |   429 |   194 |   150 |   210 ||  1826
  Block: Kite shield       |       |       |       |       |     1 |   300 |   220 |   252 ||   773

Table legend: (Time is in decaauts)
 A = Elapsed time spent in this place.
 B = Non-inter-level travel time spent in this place.
 C = Inter-level travel time spent in this place.
 D = Time resting spent in this place.
 E = Time spent auto-exploring this place.
 F = Levels seen in this place.
 G = Mean time per level.
                   A        B        C        D        E       F      G
               +--------+--------+--------+--------+--------+-----+--------+
         Total |  85565 |  79350 |   6215 |   8266 |  60145 |  52 | 1645.5 |
       Dungeon |  22755 |  20428 |   2327 |   1452 |  15786 |  15 | 1517.0 |
        Temple |     42 |      2 |     40 |      0 |      0 |   1 |   42.0 |
          Lair |  12952 |  11945 |   1007 |   1222 |   9361 |   5 | 2590.4 |
         Swamp |   4015 |   3809 |    206 |    748 |   2557 |   4 | 1003.8 |
     Snake Pit |   6107 |   5846 |    261 |    742 |   4314 |   4 | 1526.8 |
    Slime Pits |   3616 |   3472 |    144 |    689 |   2364 |   5 |  723.2 |
  Orcish Mines |   3341 |   2853 |    488 |    207 |   2186 |   2 | 1670.5 |
   Elven Halls |   6765 |   6370 |    395 |   1122 |   4324 |   3 | 2255.0 |
        Vaults |   8036 |   7647 |    389 |    350 |   6212 |   4 | 2009.0 |
        Depths |   9675 |   9156 |    519 |    673 |   7293 |   4 | 2418.8 |
           Zot |   8255 |   7820 |    435 |   1061 |   5746 |   5 | 1651.0 |
               +--------+--------+--------+--------+--------+-----+--------+

Top non-repeatable levels by time:
Depths:3: 3839 daAuts
  Lair:5: 3718 daAuts
   Elf:2: 3047 daAuts
  Lair:3: 2891 daAuts
   Zot:2: 2747 daAuts
   Elf:1: 2679 daAuts
   Orc:2: 2599 daAuts
Depths:4: 2410 daAuts
     D:7: 2343 daAuts
Vaults:4: 2274 daAuts
  Lair:4: 2198 daAuts
     D:8: 2193 daAuts
  Lair:1: 2118 daAuts
    D:14: 2073 daAuts
     D:9: 2040 daAuts
